 Dungeon Crawl Stone Soup version 0.26.1-10-gdfb7c7de75 (webtiles) character file.

Game seed: 4247302867618691243

352 phalm the Vexing (level 6, -1/35 HPs)
             Began as a Deep Elf Arcane Marksman on Apr 3, 2021.
             Slain by an orc warrior
             ... wielding a +0 flail
              (17 damage)
             ... on level 3 of the Dungeon.
             The game lasted 00:16:30 (3936 turns).

phalm the Vexing (Deep Elf Arcane Marksman)         Turns: 3936, Time: 00:16:30

Health: -1/35      AC:  5    Str:  7    XL:     6   Next: 34%
Magic:  8/13       EV: 13    Int: 18    God:
Gold:   110        SH:  0    Dex: 17    Spells: 0/11 levels left

rFire    . . .     SeeInvis .   a - +3 quarterstaff (chaos)
rCold    . . .     Faith    .   (shield currently unavailable)
rNeg     . . .     Spirit   .   q - +0 troll leather armour (curse)
rPois    .         Reflect  .   (no helmet)
rElec    .         Harm     .   r - +0 cloak
rCorr    .         Rampage  .   (no gloves)
Will     .....                  (no boots)
Stlth    +.........             (no amulet)
HPRegen  0.51/turn              l - +4 ring of slaying
MPRegen  0.13/turn              (no ring)

@: no status effects
A: no striking features
a: no special abilities


You were on level 3 of the Dungeon.
You visited 1 branch of the dungeon, and saw 4 of its levels.

You collected 110 gold pieces.

Inventory:

Hand Weapons
 a - a +3 quarterstaff of chaos (weapon)
 b - a +0 shortbow
Armour
 q - a cursed +0 troll leather armour (worn)
 r - a +0 cloak (worn)
Jewellery
 l - a +4 ring of slaying (left hand)
Wands
 m - a wand of iceblast (10)
Scrolls
 c - 2 scrolls of teleportation {unknown}
 f - a scroll of remove curse {unknown}
 g - 6 scrolls of identify {unknown}
 i - a scroll of noise {unknown}
 j - a scroll of blinking {unknown}
 k - a scroll of magic mapping {unknown}
 o - a scroll of fear {unknown}
Potions
 h - 3 potions of curing {unknown}
 n - a potion of lignification {unknown}
 p - 3 potions of flight {unknown}


   Skills:
 + Level 2.0 Fighting
 - Level 0.2 Short Blades
 + Level 1.2 Staves
 * Level 5.0 Bows
 + Level 3.8 Dodging
 + Level 3.4 Spellcasting
 + Level 5.1 Hexes
 + Level 0.0 Translocations
 + Level 1.9 Fire Magic


You couldn't memorise any spells.
You knew the following spells:

 Your Spells              Type           Power        Failure   Level
a - Corona                Hex            23%          3%          1
b - Slow                  Hex            21%          4%          2
c - Inner Flame           Hex/Fire       15%          17%         3
d - Portal Projectile     Hex/Tloc       24%          24%         3
e - Blink                 Tloc           N/A          34%         2

Your spell library contained the following spells:

 Spells                   Type           Power        Failure   Level
 Magic Dart               Conj           12%          24%         1
 Cause Fear               Hex            10%          28%         4
 Call Imp                 Summ           3%           34%         2
 Conjure Flame            Conj/Fire      6%           43%         3
 Mephitic Cloud           Conj/Pois/Air  3%           56%         3
 Leda's Liquefaction      Hex/Erth       6%           63%         4


Dungeon Overview and Level Annotations

Branches:
Dungeon (4/15)
 Temple: D:4-7

Altars:
Makhleb
Xom
Yredelemnul


Message History

You do not have any ammo quivered for your +0 shortbow.
Your +3 quarterstaff of chaos is briefly surrounded by a scintillating aura of random colours.
a - a +3 quarterstaff of chaos (weapon)
The orc warrior misses you.
You hit the orc warrior but do no damage.
The orc warrior is heavily wounded.
The orc warrior hits you with a +0 flail.
You hit the orc warrior.
The orc warrior is heavily wounded.
The orc warrior hits you with a +0 flail.
You hit the orc warrior but do no damage.
The orc warrior is heavily wounded.
You hit the orc warrior. You freeze the orc warrior.
The orc warrior is heavily wounded.
The orc warrior stops glowing.
The orc warrior hits you with a +0 flail.
You hit the orc warrior.
The orc warrior is poisoned.
The orc warrior is severely wounded.
The orc warrior hits you with a +0 flail!
You die...

##...##..##..#..(#######.#####.#
...........................>.#.#
..........#..#...#######.###.#.#
..........#..##...## #.###.#.#
......†......#.w...# #.......##
.#...#.#.###.##.o.## #......).#
.#...#.#.....###.## #.###.##.#
[....).####### #o# #.##.#.#.#
###...## #@# #.#.###..# ###.#
##'## #..## ##.# #.# ##...##
#.#.###..# #.## ##.....##
#.##.#.#.# #..## ##.......##
#......>.#
#####...####.........####....####
...........'.........'.......#
#####...####.........####....#
#..## ##.......## ##.#.#


You could see an orc warrior (very poisoned, slow), a worm and an orc wizard.

Vanquished Creatures
  A phantom (D:4)
  A hound (D:4)
  An orc wizard (D:4)
  Crazy Yiuf (D:2)
  2 worker ants (D:4)
  4 adders
  An ooze (D:2)
  5 worms
  2 dart slugs (D:1)
  6 leopard geckos
  9 orcs
  3 giant cockroaches
  9 goblins
  5 hobgoblins
  2 kobolds (D:1)
  6 bats
  A frilled lizard (D:1)
  3 rats
62 creatures vanquished.

Notes
Turn   | Place    | Note
-------+----------+-------------------------------------------
     0 | D:1      | phalm the Deep Elf Arcane Marksman began the quest for the
                  | Orb.
     0 | D:1      | Reached XP level 1. HP: 11/11 MP: 5/5
   385 | D:1      | Reached skill level 1 in Fighting
   393 | D:1      | Reached XP level 2. HP: 13/16 MP: 6/6
   874 | D:1      | Learned a level 2 spell: Slow
  1205 | D:1      | Reached XP level 3. HP: 20/20 MP: 8/8
  1282 | D:2      | Learned a level 3 spell: Inner Flame
  1556 | D:2      | Reached XP level 4. HP: 25/25 MP: 9/9
  1751 | D:2      | Found a runed translucent door.
  1752 | D:2      | Noticed Crazy Yiuf
  1802 | D:2      | Killed Crazy Yiuf
  1973 | D:2      | Found a shimmering altar of Xom.
  1973 | D:2      | Found a basalt altar of Yredelemnul.
  1993 | D:2      | You fall into a shaft and drop 2 floors!
  2027 | D:4      | Noticed a phantom
  2142 | D:4      | Killed a phantom
  2143 | D:4      | Reached skill level 1 in Fire Magic
  2143 | D:4      | Reached XP level 5. HP: 20/30 MP: 11/11
  2314 | D:4      | Found a burning altar of Makhleb.
  2716 | D:4      | Reached skill level 1 in Staves
  2716 | D:4      | Reached XP level 6. HP: 35/35 MP: 12/12
  3229 | D:4      | Reached skill level 5 in Hexes
  3249 | D:4      | Reached skill level 5 in Bows
  3456 | D:2      | Learned a level 3 spell: Portal Projectile
  3459 | D:2      | Learned a level 2 spell: Blink
  3769 | D:3      | Noticed an orc warrior
  3936 | D:3      | Slain by an orc warrior

Illustrated notes

Levels and vault maps discovered:
D:1:      matt_arrival_refuge, layout_basic, minmay_vboxes
D:2:      layout_rooms, gammafunk_temple_overflow_elements,
          palyth_stone_intersect, uniq_crazy_yiuf_cottage
D:3:      layout_loops_corners, cheibriados_altar_1
D:4:      layout_basic, bloody_makhleb, gammafunk_temple_overflow_statue,
          grunt_ministairs_10, st_stairs_12

Skill      XL: |  1  2  3  4  5  6 |
---------------+-------------------+-----
Fighting       | 1 2 |  2.0
Bows           | 3 4 5 |  5.0
Spellcasting   | 2 3 |  3.4
Dodging        | 3 |  3.8
Fire Magic     | 1 |  1.9
Staves         | 1 |  1.2
Hexes          | 5 |  5.1
Short Blades   | |  0.2

Action                   |  1- 3 |  4- 6 || total
-------------------------+-------+-------++-------
Melee: Shortbow          |     1 |       ||     1
       Unarmed           |     2 |       ||     2
       Quarterstaff      |       |    31 ||    31
 Fire: Shortbow          |    82 |    99 ||   181
 Cast: Corona            |     8 |    14 ||    22
       Slow              |     1 |    13 ||    14
       Blink             |       |     1 ||     1
Armor: Robe              |     3 |     2 ||     5
       Troll leather arm |       |     6 ||     6
Dodge: Dodged            |    14 |    26 ||    40
